 Dungeon Crawl Stone Soup version 0.19-a0-1589-ge51c82a (webtiles) character file.

73 FrankyJ the Caller (level 4, 0/30 HPs)
             Began as a Merfolk Summoner on Sept 17, 2016.
             Slain by an adder (1 damage)
             ... on level 2 of the Dungeon.
             The game lasted 00:03:41 (2499 turns).

FrankyJ the Caller (Merfolk Summoner)               Turns: 2499, Time: 00:03:41

Health: 0/30       AC:  2    Str:  9    XL:     4   Next: 27%
Magic:  8/9        EV: 13    Int: 14    God:
Gold:   34         SH:  0    Dex: 14    Spells: 1 memorised, 8 levels left

rFire  . . .     SeeInvis .     j - +0 halberd
rCold  . . .     Gourm    .     a - +0 robe
rNeg   . . .     Faith    .     (shield currently unavailable)
rPois  .         Spirit   .     (no helmet)
rElec  .         Dismiss  .     (no cloak)
rCorr  .         Reflect  .     (no gloves)
MR     .....     Harm     .     (no boots)
Stlth  ++........               (no amulet)
                                (no ring)
                                (no ring)

@: lethally poisoned (0 -> -4)
A: change form in water, swift swim, stealthy swim
a: no special abilities


You were on level 2 of the Dungeon.
You were not hungry.

You visited 1 branch of the dungeon, and saw 2 of its levels.

You collected 34 gold pieces.

Inventory:

Hand Weapons
 e - a +0 dagger
 j - a +0 halberd (weapon)
Armour
 a - a +0 robe (worn)
Jewellery
 n - an uncursed ring of resist corrosion {unknown}
Scrolls
 f - 2 scrolls of identify {unknown}
 h - a scroll of magic mapping {unknown}
 l - a scroll of remove curse {unknown}
 m - a scroll of teleportation {unknown}
Potions
 d - a potion of mutation {unknown}
 k - 2 potions of curing {unknown}
Books
 b - a book of Callings

   Spells                             Type                      Level
   a - Summon Small Mammal            Summoning                    1
   b - Call Imp                       Summoning                    2
   c - Call Canine Familiar           Summoning                    3
   d - Summon Guardian Golem          Hexes/Summoning              3
   e - Summon Lightning Spire         Summoning/Air                4
   f - Summon Ice Beast               Ice/Summoning                4
Comestibles
 c - a bread ration
 g - a meat ration
 i - 4 chunks of flesh


   Skills:
 + Level 2.7 Polearms
 - Level 3.1 Dodging
 - Level 2.1 Stealth
 + Level 3.3 Spellcasting
 - Level 4.0 Summonings


You had 8 spell levels left.
You knew the following spells:

 Your Spells              Type           Power        Failure   Level  Hunger
a - Summon Small Mammal   Summ           ##..         4%          1    #......


Dungeon Overview and Level Annotations

Branches:
Dungeon (2/15)

Altars:
Cheibriados
Qazlal


Message History

You are too injured to fight recklessly!
You are too injured to fight recklessly!
You are too injured to fight recklessly!
You are too injured to fight recklessly!
You are too injured to fight recklessly!
You are too injured to fight recklessly!
You are too injured to fight recklessly!
Unknown command.
You closely miss the adder. The adder bites you.
* * * LOW HITPOINT WARNING * * *
The adder barely misses you.
Casting: Summon Small Mammal
Confirm with . or Enter, or press ? or * to list all spells.
The adder bites you.
* * * LOW HITPOINT WARNING * * *
You are lethally poisoned!
The adder poisons you!
* * * LOW HITPOINT WARNING * * *
You feel sick. The adder bites you.
You die...

#........##.#.#.####...##.#......
#.#..#.#.........................
#.#....#.##.#.#.####.............
............#.#................##
#.##.#...####......#......#....#
#.##.#...####.#..............>.#
#.............r..†..........##.#
#.#.............S#.#..#.....÷..#
..####.#.####.#.@........##.####
### #.#.# #.#.(...........# #
#.#.# #.#..###.#...##.# # #.#.#
#.#..###.....##.##
#.#.####........#.........
#.).................######
########.#.####.#.###
###........# #.########


You could see an adder and a friendly rat.

Vanquished Creatures
  2 adders (D:2)
  A worm (D:2)
  3 dart slugs
  5 bats
  5 hobgoblins
  2 jackals (D:1)
  2 quokkas (D:2)
  11 goblins
  3 kobolds
  4 rats
38 creatures vanquished.

Vanquished Creatures (collateral kills)
  A gnoll (D:1)
  A rat (D:1)
2 creatures vanquished.

Grand Total: 40 creatures vanquished

Notes
Turn   | Place    | Note
-------+----------+-------------------------------------------
     0 | D:1      | FrankyJ the Merfolk Summoner began the quest for the Orb.
     0 | D:1      | Reached XP level 1. HP: 13/13 MP: 3/3
   562 | D:1      | Reached XP level 2. HP: 19/19 MP: 3/5
   792 | D:1      | Reached skill level 1 in Polearms
  1102 | D:1      | Reached XP level 3. HP: 23/24 MP: 7/7
  1790 | D:2      | Found a stormy altar of Qazlal.
  1791 | D:2      | Noticed a water elemental
  2312 | D:2      | Found a snail-covered altar of Cheibriados.
  2335 | D:2      | Reached XP level 4. HP: 25/30 MP: 8/8
  2499 | D:2      | HP: 1/30 [poisoned by an adder]
  2499 | D:2      | Slain by an adder

Vault maps used:
D:1:      lightli_arrival_farm, minmay_pentomino_z2
D:2:      lemuel_doored_altar, nicolae_qazlal_style_of_elements

Skill      XL: |  1  2  3 |
---------------+----------+-----
Dodging        | 3 |  3.1
Polearms       | 1 2 |  2.7
Spellcasting   | 3 |  3.3
Stealth        | |  2.1
Summonings     | |  4.0

Action                   |  1- 3 |  4- 6 || total
-------------------------+-------+-------++-------
Melee: Dagger            |    17 |       ||    17
       Unarmed           |     5 |       ||     5
       Halberd           |    98 |    18 ||   116
       Tailslap          |     1 |       ||     1
 Cast: Summon Small Mamm |     6 |     1 ||     7
 Stab: Sleeping          |     6 |       ||     6
  Eat: Chunk             |     5 |       ||     5
Armor: Robe              |    14 |       ||    14
Dodge: Dodged            |    74 |     9 ||    83
